Unix NetHack Version 5.0.0-0 post-release - last build Jun 10 2026 00:39:30 (3ee93aec679c4c4259841fe613dc97188e26a321,branch:main).

Game began 2026-06-13 20:45:06, ended 2026-06-13 20:53:27.

Eymerich, chaotic male elven Priest

                                                                         -----
                                                                         |...--
                                                                         |....|
                                                                         ---..|
                                                                          |..--
                                                                        ---.--
                                                                       --...|
                                                               ----    |..---
                                                              --..--   |.--
                                                            ---....|   |.|
                                                             ......|   |.|
                                                              -...---- |d|--
                                                             |....`...--h|.--
                                                             --..<---..@....|
                                                              |..-- ---.....|
                                                              --.     --.|.--
                                                               -       -----

Eymerich the Aspirant        St:11 Dx:11 Co:15 In:10 Wi:18 Ch:10  Chaotic
Dlvl:3  $:19 HP:0(13) Pw:7(8) AC:7  Xp:1 T:743 

Latest messages:
 It bites the gnome.
 The gnome misses it.
 It misses the gnome.
 Something is engraved here on the floor.
 You read: "Elbereth".
 You attack thin air.
 You swap places with Pinky.
 You see here a partly used candle (lit).
 A - a partly used candle (lit).
 You hear crashing rock.
 You see here a lock pick.
 B - a lock pick.
 Pinky misses the gnomish wizard.
 You swap places with Pinky.
 Pinky bites the gnomish wizard.
 The gnomish wizard casts a spell!
 The gnomish wizard looks better.
 Pinky bites the gnomish wizard.
 You hit the gnomish wizard!
 Pinky misses the gnomish wizard.
 The gnomish wizard points at you, then curses.
 Pinky misses the gnomish wizard.
 You miss the gnomish wizard.
 Pinky misses the gnomish wizard.
 The gnomish wizard points all around, then curses.
 Pinky misses the gnomish wizard.
 You miss the gnomish wizard.
 Pinky misses the gnomish wizard.
 The gnomish wizard points at you, then curses.
 Pinky misses the gnomish wizard.
 You miss the gnomish wizard.
 Pinky misses the gnomish wizard.
 The gnomish wizard points at you, then curses.
 The gnomish wizard points all around, then curses.
 You hit the gnomish wizard.
 Pinky misses the gnomish wizard.
 The gnomish wizard points at you, then curses.
 You miss the gnomish wizard.
 Pinky bites the gnomish wizard.
 The gnomish wizard is killed!
 You see here a gnomish wizard corpse.
 Pinky eats a gnomish wizard corpse.
 The dwarf swings his broad pick.
 The dwarf hits!
 You die...
 Do you want your possessions identified? [ynq] (y)
 Do you want to see your attributes? [ynq] (y)
 Do you want an account of creatures vanquished? [ynaq] (y)
 Do you want to see your conduct and achievements? [ynq] (y)
 Do you want to see the dungeon overview? [ynq] (y)

Inventory:
 Coins    ('$')
  $ - 19 gold pieces
 Weapons  (')')
  r - a blessed +0 arrow
  n - 6 blessed rusty +0 arrows
  o - a +0 arrow
  k - a cursed -1 sling
  v - a cursed -1 orcish dagger
  a - a blessed +1 mace (weapon in right hand)
 Armor    ('[')
  s - a +0 orcish helm
  w - a +0 orcish helm
  c - a +0 small shield (being worn)
  b - a +0 robe (being worn)
 Comestibles  ('%')
  e - a clove of garlic
  t - 2 food rations
  p - a cursed lembas wafer
  f - a sprig of wolfsbane
 Spellbooks  ('+')
  h - a spellbook of create monster
  g - a spellbook of light
 Potions  ('!')
  y - a blessed potion of gain energy
  x - a potion of gain energy
  d - 4 potions of holy water
  z - a potion of water
 Wands    ('/')
  j - a wand of undead turning (0:5)
 Tools    ('(')
  i - a leather drum
  l - a beartrap
  B - a lock pick
  A - a partly used tallow candle (lit)
 Gems/Stones  ('*')
  u - an aquamarine stone named hard
  m - 2 cursed worthless pieces of yellowish brown glass named soft

Eymerich the Priest's attributes:

Background:
 You were an Aspirant, a level 1 elven Priest.
 You were chaotic, on a mission for Anshar
 who was opposed by Anu (lawful) and Ishtar (neutral).
 You were right-handed.
 You were in the Gnomish Mines, on level 3.
 You entered the dungeon 743 turns ago.
 You had 17 experience points, 3 more were needed to attain level 2.

Basics:
 You had 0 out of 13 hit points.
 You had 7 out of 8 energy points (spell power).
 Your armor class was 7.
 Your wallet contained 19 zorkmids.
 Autopickup was off.

Final Characteristics:
 Your strength was 11 (limit:18).
 Your dexterity was 11 (limit:18).
 Your constitution was 15 (limit:16).
 Your intelligence was 10 (limit:20).
 Your wisdom was 18 (limit:20).
 Your charisma was 10 (limit:18).

Final Status:
 You weren't hungry.
 You were unencumbered.
 You were wielding a mace.
 You had basic skill with mace.

Final Attributes:
 You were fervently aligned.
 You had infravision.
 You were guarded.
 Your spell casting was enhanced by wearing a robe.
 You are dead.

Miscellaneous:
 You didn't encounter any bones levels.
 Total elapsed playing time was 8 minutes and 17 seconds.

Major events:
 Turn
    1: Eymerich the chaotic elven Priest entered the dungeon
  663: entered the Gnomish Mines
  743: killed by a dwarf

Spells:
 Name                 Level Category     Fail Retention
 light                  1   clerical       0%  91%-100%
 create monster         2   clerical       0%  91%-100%

Skills:
 Fighting Skills
   bare handed combat [Unskilled]
 Weapon Skills
   club               [Unskilled]
   mace               [Basic]
   morning star       [Unskilled]
   flail              [Unskilled]
   hammer             [Unskilled]
   quarterstaff       [Unskilled]
   polearms           [Unskilled]
   spear              [Unskilled]
   trident            [Unskilled]
   lance              [Unskilled]
   bow                [Unskilled]
   sling              [Unskilled]
   crossbow           [Unskilled]
   dart               [Unskilled]
   shuriken           [Unskilled]
   boomerang          [Unskilled]
   unicorn horn       [Unskilled]
 Spellcasting Skills
   healing spells     [Unskilled]
   divination spells  [Unskilled]
   clerical spells    [Basic]

Voluntary challenges:
 Character rerolling was not enabled.
 You were an atheist.
 You never genocided any monsters.
 You never polymorphed an object.
 You never changed form.
 You used no wishes.
Achievement:
 You entered the Gnomish Mines.

 The Dungeons of Doom: levels 1 to 3
    Level 1:
    Level 2:
       A sink.
       Stairs down to The Gnomish Mines.
    Level 3:
 The Gnomish Mines:
    Level 3: <- You were here.
       Final resting place for
          you, killed by a dwarf.


Vanquished creatures:
  a gnomish wizard
  2 gnomes
  2 jackals
  a fox
  2 goblins
  5 sewer rats
  4 grid bugs
  a newt
18 creatures vanquished.

No species were genocided or became extinct.

Game over:
                       ----------
                      /          \
                     /    REST    \
                    /      IN      \
                   /     PEACE      \
                  /                  \
                  |     Eymerich     |
                  |      19 Au       |
                  |   killed by a    |
                  |      dwarf       |
                  |                  |
                  |                  |
                  |       2026       |
                 *|     *  *  *      | *
        _________)/\\_//(\/(/\)/\//\/|_)_______

Goodbye Eymerich the Priest...

You died in The Gnomish Mines on dungeon level 3 with 186 points,
and 19 pieces of gold, after 743 moves.
You were level 1 with a maximum of 13 hit points when you died.

